 Dungeon Crawl Stone Soup version 0.24-a0-524-gf43b32f898 (webtiles) character file.

Game seed: 18102250874417615621

107 KennyOmg the Chopper (level 4, -1/41 HPs)
             Began as a Minotaur Berserker on July 31, 2019.
             Was a Believer of Trog.
             Killed from afar by Natasha (4 damage)
             ... with a magic dart
             ... on level 3 of the Dungeon.
             The game lasted 00:03:34 (1538 turns).

KennyOmg the Chopper (Minotaur Berserker)           Turns: 1538, Time: 00:03:35

Health: -1/41      AC:  6    Str: 23    XL:     4   Next: 57%
Magic:  3/3        EV: 11    Int:  4    God:    Trog [**....]
Gold:   108        SH:  0    Dex:  9    Spells: 3/3 levels left

rFire    . . .     SeeInvis .   a - +0 hand axe
rCold    . . .     Gourm    .   (no shield)
rNeg     . . .     Faith    .   p - +0 ring mail
rPois    .         Spirit   .   (helmet restricted)
rElec    .         Reflect  .   (no cloak)
rCorr    .         Harm     .   d - +0 pair of gloves
MR       .....                  (no boots)
Stlth    ..........             (no amulet)
HPRegen  0.13/turn              (no ring)
MPRegen  0.08/turn              (no ring)

@: slowed, very slow
A: retaliatory headbutt, horns 2
a: Berserk, Trog's Hand, Renounce Religion


You were on level 3 of the Dungeon.
You worshipped Trog.
Trog was pleased with you.
You were not hungry.

You visited 1 branch of the dungeon, and saw 3 of its levels.

You collected 108 gold pieces.

Inventory:

Hand Weapons
 a - a +0 hand axe (weapon)
Missiles
 j - 5 javelins (quivered)
 m - 67 stones
 r - 14 poisoned darts
Armour
 b - a +0 animal skin
 d - a +0 pair of gloves (worn)
 p - a +0 ring mail (worn)
Wands
 s - a wand of polymorph (5)
Scrolls
 e - a scroll of enchant weapon {unknown}
 g - a scroll of amnesia {unknown}
 h - 3 scrolls of identify {unknown}
 k - a scroll of immolation {unknown}
 l - a scroll of random uselessness {unknown}
 n - a scroll of remove curse {unknown}
 q - a scroll of teleportation {unknown}
Potions
 i - a potion of curing {unknown}
 o - a potion of lignification {unknown}
Comestibles
 c - 3 rations
 f - 6 chunks of flesh


   Skills:
 + Level 4.7 Fighting
 * Level 5.7 Axes
 - Level 2.4 Armour
 - Level 2.1 Dodging


You had 3 spell levels left.
You didn't know any spells.
Your spell library was empty.

Dungeon Overview and Level Annotations

Branches:
Dungeon (2/15)

Altars:
Trog
The Shining One

Annotations:
D:3 Natasha


Innate Abilities, Weirdness & Mutations

You reflexively headbutt those who attack you in melee.
You have a pair of horns on your head.


Message History

Natasha closely misses you. You furiously retaliate!
You headbutt Natasha! Natasha claws you.
Natasha zaps a wand.
Some rock shatters into small pieces.
The now-empty wand crumbles to dust.
Natasha casts a spell at you. You resist with some effort.
Natasha completely misses you. Natasha claws you. Natasha claws you.
Natasha barely misses you.
Natasha stares at you and mumbles some strange words.
The magic dart hits you.
The shadow imp disappears in a puff of smoke!
Natasha claws you.
* * * LOW HITPOINT WARNING * * *
Natasha barely misses you. You furiously retaliate!
You headbutt Natasha. Natasha claws you.
* * * LOW HITPOINT WARNING * * *
You open the door.
Natasha stares at you and mumbles some strange words.
The magic dart hits you.
You die...

#. #..#.#'#### #.#
..##.#..#.#§## ########.#
..........#..#####......#.###
###...÷..÷..5.....#........#
....###...#...5....#.##.#.#.#
.. #.#.#........#.##...#.#
#.#.######.#.#.######.# ..#.#
#h..#.######.# #..#.#
#@#.#.#......# #..#>#
####'#.#.#.######.# #..#.#
#<.....#..........#
#......###....##### ######.
#......# ####.# .......
#......## #.#### .^..###
#.......# #....# .......
#.......########.# .......
#...)...##.....#.#


You could see Natasha.

Vanquished Creatures
  Jessica (D:3)
  A gnoll (D:1)
  2 adders (D:3)
  2 worms (D:2)
  2 dart slugs
  A leopard gecko (D:3)
  An orc (D:3)
  8 bats
  A giant cockroach (D:3)
  4 goblins
  5 hobgoblins
  4 jackals (D:1)
  5 kobolds
  A quokka (D:2)
  A frilled lizard (D:3)
  3 rats
42 creatures vanquished.

Notes
Turn   | Place    | Note
-------+----------+-------------------------------------------
     0 | D:1      | KennyOmg the Minotaur Berserker began the quest for the
                  | Orb.
     0 | D:1      | Reached XP level 1. HP: 19/19 MP: 0/0
    88 | D:1      | Reached skill level 4 in Axes
   226 | D:1      | Reached XP level 2. HP: 27/27 MP: 1/1
   648 | D:2      | Reached XP level 3. HP: 31/33 MP: 2/2
   953 | D:2      | You fall into a shaft and drop 1 floor!
   954 | D:3      | Found a glowing golden altar of the Shining One.
   959 | D:3      | Reached ** piety under Trog
   960 | D:3      | Found a bloodstained altar of Trog.
   976 | D:3      | Reached skill level 5 in Axes
  1129 | D:3      | Noticed Jessica
  1131 | D:3      | Killed Jessica
  1131 | D:3      | Reached XP level 4. HP: 26/41 MP: 3/3
  1500 | D:3      | Noticed Natasha
  1538 | D:3      | Killed from afar by Natasha

Levels and vault maps discovered:
D:1:      saegor_arrival_simple_b, layout_loops_ring
D:2:      layout_loops_ring, nicolae_overflow_hidden_temple,
          grunt_decor_mini_mirrors
D:3:      layout_basic, gammafunk_temple_overflow_arena, uniq_jessica,
          uniq_natasha

Skill      XL: |  1  2  3 |
---------------+----------+-----
Axes           | 4 5 |  5.7
Fighting       | 4 |  4.7
Armour         | |  2.4
Dodging        | |  2.1

Action                   |  1- 3 |  4- 6 || total
-------------------------+-------+-------++-------
Melee: Hand axe          |    64 |    19 ||    83
       Headbutt          |     9 |     4 ||    13
  Eat: Chunk             |     1 |     1 ||     2
Armor: Animal skin       |    13 |       ||    13
       Ring mail         |     8 |     8 ||    16
Dodge: Dodged            |    33 |    17 ||    50

Table legend:
 A = Non-vault XP
 B = Vault XP
 C = Vault XP percentage of total XP
 D = Non-vault monster count
 E = Vault monster count
 F = Vault count percentage of total count
                 A         B        C        D         E       F
            +---------+---------+-------+---------+---------+-------
      Total |     117 |      37 |  24.0 |      41 |       1 |   2.4
            +---------+---------+-------+---------+---------+-------
        D:1 |      40 |       0 |   0.0 |      16 |       0 |   0.0
        D:2 |      19 |       0 |   0.0 |       6 |       0 |   0.0
        D:3 |      58 |      37 |  38.9 |      19 |       1 |   5.0
            +---------+---------+-------+---------+---------+-------
